 Dungeon Crawl Stone Soup version 0.20.1-1-g8b1a95d (webtiles) character file.

152 Linguinho the Sneak (level 5, 0/38 HPs)
             Began as a Demonspawn Assassin on Oct 30, 2017.
             Slain by Natasha (8 damage)
             ... on level 3 of the Dungeon.
             The game lasted 00:12:20 (3988 turns).

Linguinho the Sneak (Demonspawn Assassin)           Turns: 3988, Time: 00:12:21

Health: 0/38       AC:  3    Str: 13    XL:     5   Next: 11%
Magic:  5/5        EV: 12    Int: 15    God:
Gold:   165        SH:  0    Dex: 14    Spells: 4/4 levels left

rFire    . . .     SeeInvis .   a - +2 dagger
rCold    . . .     Gourm    .   (no shield)
rNeg     . . .     Faith    .   c - +0 robe
rPois    .         Spirit   .   (helmet restricted)
rElec    .         Reflect  .   d - +0 cloak
rCorr    .         Harm     +   (no gloves)
MR       .....                  (no boots)
Stlth    ++++......             q - amulet of harm
Regen    0.2/turn               r - +3 ring of intelligence
MPRegen  0.1/turn               (no ring)

@: no status effects
A: antennae 1, nightstalker 1, rot immunity
a: no special abilities


You were on level 3 of the Dungeon.
You were not hungry.

You visited 1 branch of the dungeon, and saw 4 of its levels.

You collected 165 gold pieces.

Inventory:

Hand Weapons
 a - a +2 dagger (weapon)
 b - a +0 blowgun
 s - a +0 spear
Missiles
 e - 32 poisoned needles
 f - 10 curare-tipped needles
 B - 2 poisoned javelins (quivered)
Armour
 c - a +0 robe (worn)
 d - a +0 cloak (worn)
 g - a +0 ring mail
 m - a +0 leather armour
Jewellery
 q - an amulet of harm (around neck)
 r - a +3 ring of intelligence (left hand)
Scrolls
 h - a scroll of noise
 i - a scroll of blinking {unknown}
 k - a scroll of magic mapping {unknown}
 l - a scroll of remove curse
 v - 2 scrolls of identify
 y - a scroll of enchant armour {unknown}
Potions
 j - a potion of brilliance
 t - a potion of invisibility {unknown}
 u - a potion of magic {unknown}
 w - a potion of agility
 x - a potion of curing {unknown}
Comestibles
 n - 8 fruits
 o - 2 meat rations
 p - 3 royal jellies
 z - 2 bread rations
 A - 2 chunks of flesh


   Skills:
 + Level 2.2 Fighting
 + Level 1.8 Short Blades
 - Level 1.0 Polearms
 - Level 1.7 Throwing
 + Level 0.1 Armour
 + Level 1.0 Dodging
 + Level 5.9 Stealth


You had 4 spell levels left.
You didn't know any spells.

Dungeon Overview and Level Annotations

Branches:
Dungeon (4/15)
 Temple: D:4-7

Altars:

Annotations:
D:3 Grinder, Ijyb, Natasha


Innate Abilities, Weirdness & Mutations

You have a pair of small antennae on your head.
You are slightly more attuned to the shadows.
You are immune to rotting.


Message History

Natasha stares at you and mumbles some strange words.
The magic dart hits you! Grinder hits you.
Natasha mumbles some strange words.
Natasha's front paws start to glow.
Natasha claws you but does no damage.
Grinder blinks!
Natasha claws you.
Grinder rolls her eyes.
Grinder gestures at you.
You barely resist.
Natasha stares at you and mumbles some strange words.
The magic dart hits you!
* * * LOW HITPOINT WARNING * * *
Grinder gestures at you. You resist with significant effort.
There is an open door here.
As you read the scroll labeled LEECKE BINI, it crumbles to dust.
It is a scroll of identify.
h - a scroll of noise Natasha claws you!
You die...

#...............#
#....
#...............#
#....
#...............#
#....
#......5........#
#....
#.....[.........#
###..
#...............#
##.
##########......#
#. #####.h....#
#. #....#@#####
#. #.##.#.# #.
#.##.#'# #.
#.##.....# #.
#.##.....# ##
#.##.....# #
#..#.....# #
##.#.....#
.'.).........#


You could see Grinder and Natasha.

Vanquished Creatures
  A howler monkey (D:3)
  Terence (D:3)
  An adder (D:2)
  2 worms (D:2)
  2 dart slugs
  3 leopard geckos
  An orc (D:3)
  5 giant cockroaches
  8 goblins
  6 hobgoblins
  4 jackals (D:1)
  7 kobolds
  4 quokkas
  6 bats
  8 frilled lizards
  8 rats
67 creatures vanquished.

Notes
Turn   | Place    | Note
-------+----------+-------------------------------------------
     0 | D:1      | Linguinho the Demonspawn Assassin began the quest for the Orb.
     0 | D:1      | Reached XP level 1. HP: 16/16 MP: 1/1
    62 | D:1      | Reached skill level 4 in Stealth
   108 | D:1      | Gained mutation: You are immune to rotting. [demonic ancestry]
   108 | D:1      | Reached XP level 2. HP: 21/22 MP: 2/2
   834 | D:1      | Gained mutation: You have a pair of small antennae on your head. [demonic ancestry]
   834 | D:1      | Reached XP level 3. HP: 27/27 MP: 3/3
  1271 | D:2      | Reached skill level 5 in Stealth
  1971 | D:3      | Gained mutation: You are slightly more attuned to the shadows. [demonic ancestry]
  1971 | D:3      | Reached XP level 4. HP: 28/33 MP: 4/4
  2038 | D:3      | Noticed Grinder
  2041 | D:3      | Paralysed by Grinder for 5 turns
  2431 | D:3      | Noticed Terence
  2682 | D:3      | Reached skill level 1 in Polearms
  2939 | D:3      | Noticed Ijyb
  3843 | D:3      | Killed Terence
  3843 | D:3      | Reached skill level 1 in Dodging
  3843 | D:3      | Reached XP level 5. HP: 22/38 MP: 5/5
  3971 | D:3      | Noticed Natasha
  3988 | D:3      | Slain by Natasha

Skill      XL: |  1  2  3  4 |
---------------+-------------+-----
Stealth        | 4 5 |  5.9
Polearms       | 1 |  1.0
Dodging        | 1 |  1.0
Fighting       | |  2.2
Short Blades   | |  1.8
Throwing       | |  1.7
Armour         | |  0.1

Action                   |  1- 3 |  4- 6 || total
-------------------------+-------+-------++-------
Melee: Dagger            |    81 |    79 ||   160
       Spear             |    86 |    66 ||   152
  Use: Potion            |       |     3 ||     3
       Scroll            |       |     2 ||     2
 Stab: Sleeping          |    14 |     7 ||    21
  Eat: Bread ration      |     1 |       ||     1
       Chunk             |       |     4 ||     4
       Fruit             |       |     2 ||     2
Armor: Robe              |    29 |     7 ||    36
       Leather armour    |     8 |    13 ||    21
Dodge: Dodged            |    84 |    79 ||   163
